 Dungeon Crawl Stone Soup version 0.32-a0-132-g2d33c3cfaf (webtiles) character file.

Game seed: 9426761631057124776

7228 zeratav the Mimic (level 11, -7/92 HPs)
             Began as an Octopode Shapeshifter on Feb 9, 2024.
             Was an Initiate of Gozag.
             Mangled by a soul eater (14 damage)
             ... summoned by an orc sorcerer
             ... on level 2 of the Orcish Mines.
             The game lasted 00:30:12 (12240 turns).

zeratav the Mimic (Octopode Shapeshifter)          Turns: 12240, Time: 00:30:13

Health: -7/92      AC: 14    Str: 23    XL:     11   Next: 12%
Magic:  8/11       EV: 11    Int: 16    God:    Gozag
Gold:   1962       SH:  0    Dex: 10    Spells: 10/10 levels left

rFire   . .          .
                       - Unarmed
rCold   . . .        (shield currently unavailable)
rNeg    . . .        (helmet currently unavailable)
rPois   +            a - amulet of the acrobat
rElec   .            l - ring of see invisible
rCorr   .            f - +4 ring of protection
SInv    +            (no ring)
Will    .....        (no ring)
Stlth   +++          (no ring)
HPRegen 0.35/turn    (no ring)
MPRegen 0.12/turn    (no ring)
                     (no ring)

%: acrobat
@: snake-form, spiked
A: constrict, boosted hp, almost no armour, amphibious, 8 rings, large,
(camouflage 1), (gelatinous body 1), (nimble swimmer 1), (tentacles),
(iridescent scales 1), clever 1, MP-powered wands
a: Begin Untransformation, Renounce Religion, Potion Petition, Call Merchant,
Bribe Branch


You were on level 2 of the Orcish Mines.
You worshipped Gozag.
Gozag was most pleased with you.
You were an enormous serpent.
You visited 2 branches of the dungeon, and saw 11 of its levels.
You also visited: Bailey.

You collected 2038 gold pieces.
You paid 76 gold pieces to Gozag.


Innate Abilities, Weirdness & Mutations

You are an enormous serpent.
You have a powerful constriction melee attack.
Your maximum health is increased.
Your armour is entirely melded.
You are incapable of wielding weapons or throwing items.
You cannot wear most types of armour.
You are amphibious.
You can wear up to eight rings at the same time.
((Your skin changes colour to match your surroundings (Stealth+).))
((Your rubbery body absorbs attacks. (AC +1, EV +1)))
((You are camouflaged when in or above water. (Stealth+)))
((You have tentacles for arms and can constrict up to eight enemies at once.))
((You are partially covered in iridescent scales. (AC +2)))
Your mind is acute. (Int +4, Str/Dex -1)
You expend magic power (3 MP) to strengthen your wands.


   Skills:
 - Level 8.0 Fighting
 + Level 4.9 Dodging
 - Level 5.0 Stealth
 - Level 6.0 Unarmed Combat
 - Level 12.0 Shapeshifting


You had 10 spell levels left.
You didn't know any spells.
Your spell library contained the following spells:

 Spells                   Type           Power      Damage    Failure   Level
 Apportation              Tloc           0%         N/A       26%         1
 Freeze                   Ice            0%         1d3       26%         1
 Jinxbite                 Hex            0%         N/A       36%         2
 Frozen Ramparts          Ice            0%         1d1       58%         3
 Hailstorm                Conj/Ice       0%         3d5       58%         3
 Leda's Liquefaction      Alch/Erth      0%         N/A       94%         4
 Petrify                  Alch/Erth      0%         N/A       94%         4
 Summon Lightning Spire   Summ/Air       0%         N/A       94%         4
 Alistair's Intoxication  Alch           0%         N/A       100%        5
 Lee's Rapid Deconstruct  Erth           0%         3d4*      100%        5
 Metabolic Englaciation   Hex/Ice        0%         N/A       100%        5
 Animate Armour           Summ/Erth      Unusable   N/A       N/A         4

Inventory:

Missiles
 s - 2 poisoned darts {throwing}
 t - 6 darts of dispersal {=fthrowing}
Jewellery
 a - an amulet of the acrobat (around neck)
   (You found it on level 5 of the Dungeon)
 f - a +4 ring of protection (right tentacle)
   (You found it on level 4 of the Dungeon)
 i - a ring of flight
   (You found it on level 8 of the Dungeon)
 l - a ring of see invisible (left tentacle)
   (You found it on level 3 of the Dungeon)
Talismans
 b - a beast talisman
 c - a flux talisman
 m - a serpent talisman (active)
   (You found it on level 3 of the Dungeon)
Wands
 e - a wand of flame (20)
   (You found it on level 8 of the Dungeon)
 g - a wand of quicksilver (8)
   (You found it on level 8 of the Dungeon)
 o - a wand of digging (7)
   (You found it on level 8 of the Dungeon)
 w - a wand of charming (4) (quivered)
   (You found it on level 6 of the Dungeon)
 y - a wand of polymorph (6)
   (You found it on level 9 of the Dungeon)
Scrolls
 d - a scroll of brand weapon
 j - 5 scrolls of enchant weapon
 p - a scroll of amnesia {unknown}
 x - a scroll of fear
Potions
 h - 6 potions of curing {@q1}
 n - 2 potions of enlightenment
 q - a potion of ambrosia
 r - 3 potions of mutation {!q}
 v - 3 potions of might
 z - a potion of resistance

Dungeon Overview and Level Annotations

Branches:
Dungeon (9/15) Zot: 26042  Temple (0/1) D:7             Orc (1/2) D:9 Zot: 11614
 Bailey (visited)
   Lair: D:8-11

Altars:
Ashenzari
Dithmenos
Gozag
Makhleb
Nemelex Xobeh
Qazlal
Ru
Sif Muna
Trog
Yredelemnul
Zin
The Shining One

Annotations:
D:3 exclusion: downstairs
D:4 exclusions: downstairs and ogre
D:5 exclusion: orc
D:6 1 runed translucent door, Azoth's ghost, novice DsSh
D:8 Gastronok
Orc:2 Azrael

.......###..○# ..............
...#.....#...##.......#.......
.................#.#.#........
#........#......# #...#.......
........E#.h..# #......##..
........E.#...## ##...o.#####
..$........#...####......##
.h........##.3o.##.#.#....#
..........#.#So.......#...#
......$......##4...#.#...##
....$...#...###...####.....#
.......###.## ##.## ##......
......# ### ### ####....
...... ##.# ..##.# ..


You could see a soul eater (summoned), an orc high priest, a warg, an orc
sorcerer and a red devil (summoned).


Message History

You hear a shout!
The orc warrior completely misses you.
An orc high priest comes into view. It is wielding a +0 hand axe.
You closely miss the orc warrior. You grab the orc warrior.
You constrict the orc warrior.
The orc high priest utters an invocation to Beogh.
The orc warrior hits you with a +0 mace.
You hear a shout!
HP[-2]
You take 2 damage, and now have 90/92 hp.
Unknown command.
You completely miss the orc warrior. You constrict the orc warrior.
You kill the orc warrior!
An orc high priest comes into view. It is wielding a +0 battleaxe.
You fade into invisibility!
HP[+1] Unknown command.
HP[+1]
Your hp is fully restored (92).
The orc sorcerer is distracted by your dazzling golden aura.
The orc sorcerer is no longer distracted by gold.
The orc sorcerer casts a spell at you. The bolt of fire misses you.
The orc sorcerer points at you and mumbles some strange words.
The bolt of fire hits you!!
HP[-21]
You take 21 damage, and now have 71/92 hp.
MASSIVE DAMAGE!! (PAUSE)
The orc sorcerer casts a spell.
HP[+1]
You flicker for a moment.
The chaos spawn's many legs skitter faintly.
HP[+1]
You flicker back into view.
HP[+1]
The orc sorcerer points at you and mumbles some strange words.
The bolt of fire misses you. The orc sorcerer casts a spell at you.
You resist with significant effort.
HP[+1] HP[+1]
The orc sorcerer gestures at you while chanting.
The bolt of fire misses you. The orc sorcerer completely misses you.
The orc high priest prays to Beogh.
HP[+1]
You hit the orc high priest but do no damage.
Your grab misses the orc high priest.
The orc sorcerer hits you but does no damage.
The orc high priest closely misses you.
You body-slam the orc high priest!!
Your grab misses the orc high priest. The orc sorcerer casts a spell at you.
You suddenly lose the ability to move!
The orc high priest hits you with a +0 hand axe.
The red devil hits you from afar with a +0 demon trident of electrocution!
Barbed spikes become lodged in your body.
The orc sorcerer howls an incantation.
You feel disoriented.
The orc sorcerer hits you but does no damage.
The orc high priest hits you with a +0 hand axe.
The red devil hits you but does no damage.
The orc sorcerer mumbles some strange words.
The orc high priest calls down the wrath of Beogh upon you.
Beogh smites you!
* * * LOW HITPOINT WARNING * * *
You can move again.
HP[-34]
You take 34 damage, and now have 43/92 hp.
MASSIVE DAMAGE!! (PAUSE)
You closely miss the orc high priest. Your grab misses the orc high priest.
The red devil closely misses you.
The orc sorcerer hits you with a +0 dagger.
* * * LOW HITPOINT WARNING * * *
The orc high priest hits you but does no damage.
HP[-4]
You take 4 damage, and now have 39/92 hp.
The warg howls!
You body-slam the orc high priest!!
Your grab misses the orc high priest.
The red devil hits you from afar with a +0 demon trident of electrocution!
* * * LOW HITPOINT WARNING * * *
Barbed spikes become lodged in your body.
You are electrocuted!!
* * * LOW HITPOINT WARNING * * *
The orc sorcerer hits you but does no damage.
The orc high priest barely misses you.
HP[-32]
You take 32 damage, and now have 7/92 hp.
MASSIVE DAMAGE!! (PAUSE)
Aiming: Charm
Press: ? - help, Q - select action, (/) - cycle Shift-Dir - straight line
Okay, then.
Unknown command.
Aiming: Quicksilver Bolt
Press: ? - help, Q - select action, (/) - cycle Shift-Dir - straight line, f - orc high priest
Aim: an orc high priest, wielding a +0 hand axe (severely wounded, 64% to hit)
You feel a surge of power!
The bolt of dispelling energy hits the orc high priest!
The soul eater draws from the surrounding life force!
You die...
Your body crumbles into a pile of gold.

Skill      XL: |  1  2  3  4  5  6  7  8  9 10 11 |
---------------+----------------------------------+-----
Stealth        | 2 3 5 |  5.0
Fighting       | 3 4 5 8 |  8.0
Shapeshifting  | 4 6 9 11 12 | 12.0
Unarmed Combat | 6 |  6.0
Dodging        | 4 |  4.9

Action                     |  1- 3 |  4- 6 |  7- 9 | 10-12 || total
---------------------------+-------+-------+-------+-------++-------
  Melee: Unarmed           |    87 |   155 |   281 |   265 ||   788
         Constrict         |    20 |    40 |    58 |    49 ||   167
         Tentacles         |    19 |    30 |    87 |    22 ||   158
         Punch             |     2 |    11 |    10 |       ||    23
  Evoke: Wand              |       |       |       |     2 ||     2
    Use: Scroll            |       |     7 |     6 |     7 ||    20
         Potion            |       |     6 |     2 |     3 ||    11
   Stab: Sleeping          |    12 |     9 |     3 |     2 ||    26
         Distracted        |       |       |       |     1 ||     1
 Armour: Skin              |    28 |    68 |   128 |   165 ||   389
  Dodge: Dodged            |    58 |    78 |   290 |   196 ||   622
   Form: Flux              |       |       |     1 |       ||     1
         Serpent           |       |       |       |     1 ||     1

Levels and vault maps discovered:
D:1:      heliophobic_arrival_dark_side_of_the_moon, layout_basic,
          minmay_misc_feat_cross, minmay_unequal
D:2:      layout_loops_ring, hex_medium
D:3:      layout_rooms, minmay_joined_circles
D:4:      layout_cave_pods, nemelex_diamond_rough_becter, lemuel_crystal_altar,
          minivault_25
D:5:      layout_loops_corners, nicolae_ru_sacrificial_ziggurat,
          nicolae_ashenzari_skybound, chequers_jeans,
          chequers_serial_rivers_micro_e, hangedman_decor_riveting
D:6:      layout_basic, ebering_ghost_reflecting_pool
D:7:      layout_layer_cave, nicolae_tso_carved_into_rock,
          general_overflow_altar, overflow_temple_1_default,
          nicolae_sif_muna_condensation, jmf_multi_god_temple,
          minmay_temple_entry_large_hall, enter_bailey_3,
          dreamdust_mushroom_princess
D:8:      layout_cave_pods, nicolae_dithmenos_through_a_glass_darkly,
          special_room [special_room_orc], uniq_gastronok, uniq_jeremiah
D:9:      layout_loops_ring, bloody_makhleb, david_orc_2
Orc:1:    layout_caves
Orc:2:    grunt_orc_gardens, layout_caves, grunt_orc_garden, grunt_orc_garden,
          grunt_orc_garden, grunt_orc_garden, nicolae_orc_stalacmites,
          uniq_azrael

Notes
Turn   | Place    | Note
-------+----------+-------------------------------------------
     0 | D:1      | zeratav the Octopode Shapeshifter began the quest for the
                  | Orb.
     0 | D:1      | Reached XP level 1. HP: 13/13 MP: 1/1
     0 | D:1      | magus.rc [v1.9.6]
   124 | D:1      | Reached skill level 1 in Stealth
   177 | D:1      | Reached skill level 2 in Stealth
   179 | D:1      | Reached XP level 2. HP: 15/18 MP: 2/2
   271 | D:1      | Reached skill level 3 in Stealth
   459 | D:1      | HP: 3/18 [frilled lizard (2)]
   467 | D:1      | Reached XP level 3. HP: 6/23 MP: 3/3
   636 | D:1      | Reached skill level 4 in Stealth
  1152 | D:2      | You pick up a book of Sloth and begin reading...
  1152 | D:2      | You add the spells Frozen Ramparts, Leda's Liquefaction,
                  | Petrify and Metabolic Englaciation to your library.
  1292 | D:2      | Reached skill level 5 in Stealth
  1383 | D:2      | Reached XP level 4. HP: 28/28 MP: 4/4
  1656 | D:3      | Reached skill level 2 in Fighting
  1801 | D:3      | You pick up a book of Party Tricks and begin reading...
  1801 | D:3      | You add the spells Apportation, Jinxbite and Alistair's
                  | Intoxication to your library.
  2016 | D:3      | Reached skill level 3 in Fighting
  2016 | D:3      | Reached XP level 5. HP: 15/36 MP: 5/5
  2229 | D:3      | HP: 7/36 [gnoll/+0 heavy spear (7)]
  2547 | D:3      | Gained mutation: You expend magic power (3 MP) to
                  | strengthen your wands. [potion of mutation]
  2547 | D:3      | Gained mutation: You are partially covered in iridescent
                  | scales. (AC +2) [potion of mutation]
  2547 | D:3      | Gained mutation: Your mind is acute. (Int +4, Str/Dex -1)
                  | [potion of mutation]
  2945 | D:4      | Reached skill level 4 in Fighting
  3006 | D:4      | HP: 9/37 [acid (6)]
  3162 | D:4      | Noticed an ogre
  3196 | D:4      | Reached XP level 6. HP: 36/44 MP: 6/6
  3358 | D:4      | Found an opulent altar of Gozag.
  3366 | D:4      | Became a worshipper of Gozag Ym Sagoz the Greedy
  3380 | D:4      | Found a sparkling altar of Nemelex Xobeh.
  3839 | D:5      | Entered Level 5 of the Dungeon
  3851 | D:5      | Noticed an ice beast
  3868 | D:5      | Killed an ice beast
  3869 | D:5      | Reached skill level 5 in Fighting
  4198 | D:5      | Reached skill level 4 in Shapeshifting
  4252 | D:5      | Found a broken altar of Ashenzari.
  4411 | D:5      | Reached XP level 7. HP: 50/50 MP: 7/7
  4467 | D:5      | Found a sacrificial altar of Ru.
  4624 | D:5      | Reached skill level 5 in Shapeshifting
  5211 | D:6      | Reached skill level 6 in Shapeshifting
  5382 | D:6      | Noticed a wyvern
  5386 | D:6      | Found a runed translucent door.
  5447 | D:6      | Noticed Azoth's ghost (novice DsSh)
  5637 | D:6      | Reached XP level 8. HP: 41/55 MP: 8/8
  5770 | D:6      | Reached skill level 7 in Shapeshifting
  5957 | D:6      | Killed a wyvern
  5958 | D:6      | Reached skill level 8 in Shapeshifting
  6154 | D:6      | You pick up a book of Frost and begin reading...
  6154 | D:6      | You add the spells Freeze and Hailstorm to your library.
  6432 | D:7      | Found a shimmering blue altar of Sif Muna.
  6488 | D:7      | Found a staircase to the Ecumenical Temple.
  6498 | D:7      | Reached skill level 9 in Shapeshifting
  6498 | D:7      | Reached XP level 9. HP: 61/61 MP: 9/9
  6603 | D:7      | Reached skill level 10 in Shapeshifting
  6649 | D:7      | Found a glowing silver altar of Zin.
  6726 | D:7      | Found a flagged portal.
  6738 | Bailey   | Entered a bailey
  7168 | Bailey   | HP: 9/61 [orc warrior/+0 halberd (9)]
  7175 | Bailey   | Reached skill level 11 in Shapeshifting
  7784 | Bailey   | Reached XP level 10. HP: 38/66 MP: 10/10
  7940 | Bailey   | Reached skill level 12 in Shapeshifting
  7951 | Bailey   | HP: 11/66 [centaur/javelin (7)]
  8244 | Bailey   | Reached skill level 6 in Fighting
  8772 | D:7      | Reached skill level 7 in Fighting
  8890 | D:7      | Found a bloodstained altar of Trog.
  8890 | D:7      | Found a stormy altar of Qazlal.
  8958 | D:7      | You pick up a book of Iron and begin reading...
  8958 | D:7      | You add the spells Summon Lightning Spire and Lee's Rapid
                  | Deconstruction to your library.
  9134 | D:7      | Found a glowing golden altar of the Shining One.
  9381 | D:7      | Found a basalt altar of Yredelemnul.
  9683 | D:8      | Noticed Jeremiah
  9690 | D:8      | Noticed Gastronok
 10145 | D:8      | Killed Jeremiah
 10146 | D:8      | Reached skill level 8 in Fighting
 10543 | D:8      | Found a shadowy altar of Dithmenos.
 11033 | D:9      | Found a staircase to the Orcish Mines.
 11074 | D:9      | Reached skill level 4 in Unarmed Combat
 11328 | D:9      | Reached skill level 5 in Unarmed Combat
 11422 | D:9      | Found a burning altar of Makhleb.
 11657 | Orc:1    | Entered Level 1 of the Orcish Mines
 11668 | Orc:1    | Reached skill level 6 in Unarmed Combat
 11694 | Orc:1    | Reached XP level 11. HP: 24/77 MP: 11/11
 11802 | D:9      | Reached skill level 3 in Dodging
 11931 | Orc:1    | You fall into a shaft and drop 1 floor!
 11931 | Orc:2    | Entered Level 2 of the Orcish Mines
 11931 | Orc:2    | Noticed Azrael
 11943 | Orc:2    | Reached skill level 4 in Dodging
 12199 | Orc:2    | Noticed an orc sorcerer
 12202 | Orc:2    | Noticed an orc high priest
 12204 | Orc:2    | Noticed an orc high priest
 12235 | Orc:2    | Paralysed by an orc sorcerer for 2 turns
 12238 | Orc:2    | Noticed a soul eater
 12239 | Orc:2    | HP: 7/92 [red devil/+0 demon trident of electrocution[an
                  | orc high priest] (18)]
 12240 | Orc:2    | Mangled by a soul eater

Vanquished Creatures
  Jeremiah (D:8)
  A troll (Orc:2)
  A wyvern (D:6)
  8 yaks
  2 wargs (Orc:1)
  2 water moccasins
  A sky beast (D:7)
  3 black bears
  16 orc warriors
  4 ice beasts
  2 ogres
  11 centaurs (Bailey)
  A phantom (D:5)
  4 bullfrogs
  A gnoll sergeant (D:5)
  4 wights (D:7)
  2 howler monkeys
  3 bombardier beetles
  2 hounds
  A gnoll bouda (D:7)
  5 orc priests
  3 jellies
  An iguana (D:5)
  2 sleepcaps (D:7)
  6 orc wizards
  11 gnolls
  6 adders
  2 white imps
  4 ufetubi
  2 dart slugs
  3 ribbon worms
  55 orcs
  7 bats
  11 endoplasms
  4 giant cockroaches
  14 goblins
  17 hobgoblins
  A jackal (D:1)
  8 kobolds
  6 quokkas
  9 ball pythons
  5 frilled lizards
  9 rats
261 creatures vanquished.

Table legend:
 A = Non-vault XP
 B = Vault XP
 C = Vault XP percentage of total XP
 D = Non-vault monster count
 E = Vault monster count
 F = Vault count percentage of total count
                 A         B        C        D         E       F
            +---------+---------+-------+---------+---------+-------
      Total |    6603 |    3724 |  36.1 |     175 |      86 |  33.0
            +---------+---------+-------+---------+---------+-------
        D:1 |      42 |       7 |  14.3 |      26 |       4 |  13.3
        D:2 |      41 |       0 |   0.0 |      20 |       0 |   0.0
        D:3 |     113 |      32 |  22.1 |      26 |      12 |  31.6
        D:4 |     120 |       0 |   0.0 |      16 |       0 |   0.0
        D:5 |     527 |       0 |   0.0 |      18 |       0 |   0.0
        D:6 |     987 |       0 |   0.0 |      17 |       0 |   0.0
        D:7 |    2061 |      52 |   2.5 |      20 |       6 |  23.1
        D:8 |     413 |     577 |  58.3 |       8 |      13 |  61.9
        D:9 |    1258 |     151 |  10.7 |      10 |       7 |  41.2
      Orc:1 |     540 |       0 |   0.0 |       7 |       0 |   0.0
      Orc:2 |     501 |     250 |  33.3 |       7 |       2 |  22.2
     Bailey |       0 |    2655 | 100.0 |       0 |      42 | 100.0
            +---------+---------+-------+---------+---------+-------

Skill      XL: |  1  2  3  4  5  6  7  8  9 10 11 |
---------------+----------------------------------+-----
Stealth        | 2 3 5 |  5.0
Fighting       | 3 4 5 8 |  8.0
Shapeshifting  | 4 6 9 11 12 | 12.0
Unarmed Combat | 6 |  6.0
Dodging        | 4 |  4.9

Action                     |  1- 3 |  4- 6 |  7- 9 | 10-12 || total
---------------------------+-------+-------+-------+-------++-------
  Melee: Unarmed           |    87 |   155 |   281 |   265 ||   788
         Constrict         |    20 |    40 |    58 |    49 ||   167
         Tentacles         |    19 |    30 |    87 |    22 ||   158
         Punch             |     2 |    11 |    10 |       ||    23
  Evoke: Wand              |       |       |       |     2 ||     2
    Use: Scroll            |       |     7 |     6 |     7 ||    20
         Potion            |       |     6 |     2 |     3 ||    11
   Stab: Sleeping          |    12 |     9 |     3 |     2 ||    26
         Distracted        |       |       |       |     1 ||     1
 Armour: Skin              |    28 |    68 |   128 |   165 ||   389
  Dodge: Dodged            |    58 |    78 |   290 |   196 ||   622
   Form: Flux              |       |       |     1 |       ||     1
         Serpent           |       |       |       |     1 ||     1

Illustrated notes

Table legend:
 A = Kills in this place as a percentage of kills in the entire game.
 B = Kills by you in this place as a percentage of kills by you in the entire game.
 C = Kills by friends in this place as a percentage of kills by friends in the entire game.
 D = Other kills in this place as a percentage of other kills in the entire game.
 E = Experience gained in this place as a percentage of experience gained in the entire game.
 F = Experience gained in this place divided by the number of levels of this place that you have seen.
                   A       B       C       D       E      F
               +-------+-------+-------+-------+-------+----------------------
         Total | 100.0 | 100.0 |   N/A |   N/A | 100.0 | 860.6
       Dungeon |  77.8 |  77.8 |   N/A |   N/A |  61.8 | 709.0
  Orcish Mines |   6.1 |   6.1 |   N/A |   N/A |  12.5 | 645.5
        Bailey |  16.1 |  16.1 |   N/A |   N/A |  25.7 | 2655.0
               +-------+-------+-------+-------+-------+----------------------

Table legend: (Time is in decaauts)
 A = Elapsed time spent in this place.
 B = Non-inter-level travel time spent in this place.
 C = Inter-level travel time spent in this place.
 D = Time resting spent in this place.
 E = Time spent auto-exploring this place.
 F = Levels seen in this place.
 G = Mean time per level.
                   A        B        C        D        E       F      G
               +--------+--------+--------+--------+--------+-----+--------+
         Total |  12156 |  11490 |    666 |   2370 |   5560 |  12 | 1013.0 |
       Dungeon |  10009 |   9343 |    666 |   1521 |   5301 |   9 | 1112.1 |
  Orcish Mines |    384 |    384 |      0 |    160 |     13 |   2 |  192.0 |
        Bailey |   1762 |   1762 |      0 |    689 |    246 |   1 | 1762.0 |
               +--------+--------+--------+--------+--------+-----+--------+

Top non-repeatable levels by time:
  Bailey: 1762 daAuts
     D:7: 1448 daAuts
     D:8: 1307 daAuts
     D:5: 1226 daAuts
     D:6: 1204 daAuts
     D:3: 1095 daAuts
     D:4: 1071 daAuts
     D:1: 1021 daAuts
     D:9: 957 daAuts
     D:2: 675 daAuts
   Orc:2: 305 daAuts
   Orc:1: 78 daAuts
